 Dungeon Crawl Stone Soup version 0.31-a0-664-g902f515a81 (webtiles) character file.

Game seed: 7662057256536605733

385 jt the Ruffian (level 6, -4/72 HPs)
             Began as a Merfolk Shapeshifter on Sept 2, 2023.
             Slain by an orc
             ... wielding a +1 heavy trident
              (13 damage)
             ... on level 3 of the Dungeon.
             The game lasted 00:08:12 (2681 turns).

jt the Ruffian (Merfolk Shapeshifter)               Turns: 2681, Time: 00:08:12

Health: -4/72      AC:  9    Str: 14 (16) XL:     6   Next: 77%
Magic:  6/6        EV: 12    Int:  7 (10) God:
Gold:   719        SH:  0    Dex: 16 (19) Spells: 5/5 levels left

rFire   . .          .
                       - Unarmed
rCold   . . .        (no shield)
rNeg    . . .        q - +0 ring mail
rPois   .            o - +2 helmet
rElec   .            (no cloak)
rCorr   .            (no gloves)
SInv    .            l - +0 pair of boots
Will    .....        (no amulet) Stlth
                     p - +6 ring of dexterity
HPRegen 0.32/turn    (no ring)
MPRegen 0.10/turn

%: no passive effects
@: berserking (expiring), hasted, very quick
A: (nimble swimmer 2), mertail
a: no special abilities


You were on level 3 of the Dungeon.
You visited 1 branch of the dungeon, and saw 3 of its levels.
You also visited: Sewer.

You collected 719 gold pieces.

Inventory:

Hand Weapons
 k - a +0 dagger of flaming
Missiles
 f - 24 stones (quivered)
Armour
 a - a +0 animal skin
 l - a +0 pair of boots (worn)
 o - a +2 helmet (worn)
 q - a +0 ring mail (worn)
Jewellery
 p - a +6 ring of dexterity (left hand)
Talismans
 c - a beast talisman
 d - a flux talisman
Scrolls
 g - 2 scrolls of immolation
 h - a scroll of blinking
 i - a scroll of brand weapon
 j - a scroll of poison
 n - a scroll of fear
 r - a scroll of enchant weapon
Potions
 b - a potion of lignification
 e - a potion of cancellation
 u - a potion of enlightenment
 v - a potion of might {unknown}


   Skills:
 + Level 4.2 Fighting
 - Level 5.0 Dodging
 - Level 2.0 Stealth
 + Level 5.3 Unarmed Combat
 - Level 4.2 Shapeshifting


You had 5 spell levels left.
You didn't know any spells.
Your spell library contained the following spells:

 Spells                   Type           Power      Damage    Failure   Level
 Foxfire                  Conj/Fire      0%         2x1d4     67%         1
 Magic Dart               Conj           0%         1d3       67%         1
 Summon Small Mammal      Summ           0%         N/A       67%         1
 Call Imp                 Summ           0%         N/A       82%         2
 Call Canine Familiar     Summ           0%         N/A       96%         3
 Mephitic Cloud           Conj/Pois/Air  0%         N/A       96%         3
 Summon Guardian Golem    Hex/Summ       0%         N/A       96%         3
 Plasma Beam              Fire/Air       0%         2x1d10    100%        6
 Starburst                Conj/Fire      0%         6d3       100%        6


Dungeon Overview and Level Annotations

Branches:
Dungeon (3/15)              Sewer (visited)

Altars:
Cheibriados

Shops:
D:1 *


Innate Abilities, Weirdness & Mutations

((You are very nimble when in or above water. (Stealth+, EV+, Speed+++)))
Your lower body shifts to a powerful aquatic tail in water.


Message History

There was something very wrong with that liquid.
You feel weakened.
You feel dopey.
You feel clumsy. The orc hits you with a +0 dagger.
It was a potion of berserk rage.
A red film seems to cover your vision as you go berserk!
You feel yourself moving faster!
You feel mighty! The orc closely misses you.
You punch the orc!
You kill the orc!
The orc hits you with a +0 dagger.
A puff of flame appears from out of thin air!
The puff of flame hits you!
The orc priest mumbles some strange prayers to Beogh against you.
Beogh smites you! The orc hits you but does no damage. x2
Items here: )) [ ††.
You punch the orc priest!
The orc priest is severely wounded.
You hit the orc priest.
You kill the orc priest!
The orc misses you. Something hits you but does no damage.
You closely miss the orc.
The orc hits you with a +1 heavy trident!
* * * LOW HITPOINT WARNING * * *
You hit the orc but do no damage. The orc barely misses you.
Something hits you but does no damage.
You hit the orc.
The orc is lightly wounded.
Something hits you but does no damage. The orc misses you.
The orc hits you with a +1 heavy trident!
* * * LOW HITPOINT WARNING * * *
You barely miss the orc.
The orc is lightly wounded.
You barely miss the orc.
The orc is lightly wounded.
The orc hits you but does no damage.
You hear some strange, mumbled words.
Something tries to affect you, but you resist.
You closely miss the orc.
The orc is lightly wounded.
The orc hits you with a +1 heavy trident!
You die...

#.#g## #....# #
##...#### #.#.#
###..# .## #.#....#
#...#
#..####.......####..
##..# ##.#.....##...
##. #.## #...#..#
#.# #. ###g#####
#..##..# #. #.
.....#..# #......# .
## .......##
##.o..## # .......#
#.@.### # .......#
#{o).# .......#
#....... # .>....[#
.......... #
.......# .........>.
# .......#
#...........
.......#
#......?.... .....#.
#........... #####


You could see 2 orcs.

Vanquished Creatures
  2 bullfrogs (Sewer)
  An orc priest (D:3)
  An iguana (D:2)
  4 gnolls (D:3)
  8 adders
  2 worms
  2 orcs (D:3)
  11 ball pythons
  4 bats
  7 endoplasms
  11 giant cockroaches
  4 goblins
  7 hobgoblins
  4 kobolds
  5 quokkas
  18 frilled lizards
  3 rats
94 creatures vanquished.

Notes
Turn   | Place    | Note
-------+----------+-------------------------------------------
     0 | D:1      | jt the Merfolk Shapeshifter began the quest for the Orb.
     0 | D:1      | Reached XP level 1. HP: 15/15 MP: 1/1
    49 | D:1      | Found Bupronof's Assorted Antiques.
   139 | D:1      | Reached XP level 2. HP: 20/21 MP: 2/2
   391 | D:1      | Reached XP level 3. HP: 27/27 MP: 3/3
   410 | D:1      | Reached skill level 1 in Stealth
  1427 | D:2      | Found a snail-covered altar of Cheibriados.
  1537 | D:2      | Reached XP level 4. HP: 32/33 MP: 4/4
  1769 | D:3      | Identified a scroll of acquirement
  1769 | D:3      | Acquired 620 gold pieces
  1824 | D:3      | Reached XP level 5. HP: 23/39 MP: 5/5
  1866 | D:3      | Found a glowing drain.
  1879 | Sewer    | Entered a sewer
  2301 | Sewer    | Reached skill level 5 in Dodging
  2301 | Sewer    | Reached XP level 6. HP: 43/47 MP: 6/6
  2313 | Sewer    | Reached skill level 5 in Unarmed Combat
  2681 | D:3      | Slain by an orc

Illustrated notes

Levels and vault maps discovered:
D:1:      psy_arrival_dodecagon, layout_loops_ring, serial_shops, shop,
          grunt_decor_clamped, wander_ebering_terrifying_dragon_lair
D:2:      layout_rooms, basic_altar
D:3:      layout_rooms, mainiacjoe_overflow_alcove_2,
          ebering_ecumenical_altar_hall, cheibrodos_sewer_entry_bend

Skill      XL: |  1  2  3  4  5  6 |
---------------+-------------------+-----
Dodging        | 3 4 5 |  5.0
Stealth        | 2 |  2.0
Fighting       | 2 3 4 |  4.2
Unarmed Combat | 4 5 |  5.3
Shapeshifting  | |  4.2

Action                     |  1- 3 |  4- 6 || total
---------------------------+-------+-------++-------
  Melee: Unarmed           |   137 |   212 ||   349
         Punch             |     6 |     6 ||    12
         Tailslap          |       |     7 ||     7
  Throw: Stone             |       |     8 ||     8
Ability: Begin Untransform |     1 |       ||     1
    Use: Scroll            |       |     6 ||     6
         Potion            |       |     7 ||     7
   Stab: Sleeping          |     3 |     2 ||     5
 Armour: Animal skin       |    45 |       ||    45
         Ring mail         |     8 |   105 ||   113
  Dodge: Dodged            |    79 |   129 ||   208

Table legend: (Time is in decaauts)
 A = Elapsed time spent in this place.
 B = Non-inter-level travel time spent in this place.
 C = Inter-level travel time spent in this place.
 D = Time resting spent in this place.
 E = Time spent auto-exploring this place.
 F = Levels seen in this place.
 G = Mean time per level.
                   A        B        C        D        E       F      G
               +--------+--------+--------+--------+--------+-----+--------+
         Total |   2598 |   2449 |    149 |    461 |    979 |   4 |  649.5 |
       Dungeon |   2194 |   2045 |    149 |    297 |    979 |   3 |  731.3 |
         Sewer |    403 |    403 |      0 |    163 |      0 |   1 |  403.0 |
               +--------+--------+--------+--------+--------+-----+--------+

Top non-repeatable levels by time:
     D:1: 1053 daAuts
     D:2: 621 daAuts
     D:3: 519 daAuts
   Sewer: 403 daAuts
